 Dungeon Sprint DCSS version 0.30-a0-1008-g30c9307041 (webtiles) character file.

Game seed: 4626205290633611657

1412 dialectric the Protected (level 8, 0/60 HPs)
             Began as a Gargoyle Fighter on Apr 6, 2023.
             Was a Follower of Jiyva.
             Killed from afar by a white imp (16 damage)
             ... with a puff of frost
             ... summoned by a kobold demonologist
             ... in the Dungeon (Sprint II: "The Violet Keep of Menkaure").
             The game lasted 00:02:24 (276 turns).

dialectric the Protected (Gargoyle Fighter)          Turns: 276, Time: 00:02:24

Health: 0/60       AC: -8    Str: 17    XL:     8   Next: 70%
Magic:  8/8        EV: 10    Int:  9    God:    Jiyva [*.....]
Gold:   540        SH:  0    Dex: 11    Spells: 7/7 levels left

rFire   . . .      SeeInvis .    d - +9 rapier of Modesty {speed, rPois Will++ Str-3}
rCold   x . .      Faith    .    (no shield)
rNeg    + . .      Spirit   .    b - +0 scale mail
rPois   ∞          Reflect  .    (no helmet)
rElec   +          Rampage  .    (no cloak)
rCorr   .          NoTele   +    (no gloves)
Will    ++...                    (no boots) Stlth
                                 (no amulet)
HPRegen 0.80/turn                (no ring)
MPRegen 0.36/turn                (no ring)

@: corroded, inhibited regen
A: sickness immunity, AC +5, negative energy resistance 1, electricity
resistance, torment resistance 1, petrification resistance, inhibited
regeneration, cold vulnerability 1
a: Renounce Religion


You were in the Dungeon.
You worshipped Jiyva.
Jiyva was aware of your devotion.
You visited 1 branch You collected 729 gold pieces.
You spent 189 gold pieces at shops.

Inventory:

Hand Weapons
 a - a +0 long sword
 d - the +9 rapier of Modesty (weapon) {speed, rPois Will++ Str-3}
   (You bought it in a shop in the Dungeon)

   Str:       It affects your strength (-3).
   rPois:     It protects you from poison.
   Will:      It greatly increases your willpower.
Armour
 b - a +0 scale mail (worn)
 c - a +0 buckler
Potions
 e - a potion of curing
 g - a potion of haste
 h - 2 potions of magic


   Skills:
 + Level 12.2 Fighting
 + Level 1.6(6.0) Short Blades
 + Level 9.2(9.3) Long Blades
 + Level 12.6 Armour
 + Level 2.8 Dodging
 - Level 3.2 Shields


You had 7 spell levels left.
You didn't know any spells.
Your spell library was empty.

Dungeon Overview and Level Annotations

Branches:
Dungeon (1/1)

Altars:
Cheibriados
Dithmenos
Elyvilon
Fedhas
Gozag
Hepliaklqana
Kikubaaqudgha
Makhleb
Nemelex Xobeh
Okawaru
Qazlal
Ru
Sif Muna
Trog
Uskayaw
Vehumet
Wu Jian
Xom
Yredelemnul
Zin
The Shining One
Jiyva
Lugonu

Shops:
D :(=(*![!=![*:?:

Annotations:
D exclusion: oklob plant, Kirke


Innate Abilities, Weirdness & Mutations

You are immune to sickness and miasma.
Your stone body is resilient. (AC +5)
You are immune to poison.
You resist negative energy. (rN+)
You are resistant to electric shocks. (rElec)
You are resistant to unholy torment.
You are immune to petrification.
You do not regenerate when monsters are visible.
You are vulnerable to cold. (rC-)


Message History

The rust devil is heavily wounded.
The rust devil closely misses you.
You hit the rust devil but do no damage.
The rust devil is moderately wounded.
You hit the rust devil but do no damage.
The rust devil is moderately wounded.
The rust devil hits you. The rust devil corrodes you!
You puncture the rust devil!
The rust devil is heavily wounded.
The kobold demonologist mumbles some strange words.
You hit the rust devil.
The rust devil is heavily wounded.
The rust devil hits you. The rust devil corrodes you!
You hit the rust devil but do no damage.
The rust devil is heavily wounded.
The ufetubus disappears in a puff of smoke!
The white imp closely misses you.
A yak comes into view.
The rust devil hits you. The rust devil corrodes you!
You closely miss the rust devil.
The rust devil is heavily wounded.
You barely miss the rust devil.
The rust devil is heavily wounded.
The white imp barely misses you. The rust devil barely misses you.
You hit the rust devil but do no damage.
The rust devil is heavily wounded.
The kobold demonologist casts a spell.
The white imp closely misses you.
You hit the rust devil but do no damage.
The rust devil is heavily wounded.
A yak comes into view.
The rust devil hits you!
* * * LOW HITPOINT WARNING * * *
The rust devil corrodes you!
The yak bellows!
You hit the rust devil but do no damage.
The rust devil is heavily wounded.
The white imp gestures at you. The puff of frost hits you!
You feel a terrible chill!
You die... #~## SSS§

############Y~#+++#+++##
###########~~~.........#
##.......∩#Y~~~.##'##..#
##....∩.∩.#~~~~##.#.##.###
##...∩.∩..#~~~~#.##..# ...
##..∩.∩...#@Y#####..####..
##.⌠.∩....#c##.###†###.##.
##..∩.∩..@#z#.#.##.##.).#.
##...∩.∩.54K5##.'.<.'.#.+.
##....∩.∩4#4##..##.##...#.
#▓▓▓▓▓▓▓###5##.###+###.##.
##!Sh######~~## ###§§
#?Sh#l ##~~~# #~~§§ #∩PS+l
+#~# #~~~~ #).$#[# ~~#
#~~~≈§ #?.. ## ~~ ~~~§~§


You could see Kirke, an elephant, a skeletal warrior, 2 hell hogs, an oklob
plant, a centaur warrior, 2 rust devils, a kobold demonologist, 2 yaks, a chaos
spawn (summoned), 3 water moccasins, a quasit (summoned), a white imp (summoned)
and a shadow imp (summoned).

Vanquished Creatures
  A merfolk siren (D)
  2 polar bears (D)
  4 neqoxecs (D)
  Menkaure (D)
  3 worms (D)
11 creatures vanquished.

Vanquished Creatures (others)
  2 polar bears (D)
  3 slime creatures (D)
  2 wyverns (D)
  A water moccasin (D)
  3 black bears (D)
  3 jellies (D)
14 creatures vanquished.

Grand Total: 25 creatures vanquished

Notes
Turn   | Place    | Note
-------+----------+-------------------------------------------
     0 | D        | dialectric the Gargoyle Fighter began the quest for the
                  | Orb.
     0 | D        | Reached XP level 1. HP: 14/14 MP: 1/1
     8 | D        | Noticed a neqoxec
     8 | D        | Noticed a neqoxec
     8 | D        | Noticed a neqoxec
     8 | D        | Noticed a neqoxec
     9 | D        | Gained mutation: You are vulnerable to cold. (rC-) [a
                  | neqoxec]
    14 | D        | Killed a neqoxec
    15 | D        | Reached XP level 2. HP: 20/24 MP: 2/2
    15 | D        | Reached XP level 3. HP: 23/28 MP: 3/3
    15 | D        | Reached XP level 4. HP: 28/34 MP: 4/4
    15 | D        | Reached XP level 5. HP: 31/38 MP: 5/5
    24 | D        | Killed a neqoxec
    25 | D        | Reached skill level 5 in Long Blades
    25 | D        | Reached XP level 6. HP: 27/46 MP: 6/6
    27 | D        | Gained mutation: You do not regenerate when monsters are
                  | visible. [a neqoxec]
    28 | D        | Killed a neqoxec
    29 | D        | Reached skill level 10 in Fighting
    29 | D        | Reached skill level 10 in Armour
    31 | D        | Killed a neqoxec
    32 | D        | Reached skill level 1 in Dodging
    32 | D        | Reached XP level 7. HP: 25/53 MP: 7/7
    54 | D        | Noticed Menkaure
    60 | D        | Killed Menkaure
    61 | D        | Found Noecas's Book Shoppe.
    62 | D        | Found Tiwkitau's Book Shoppe.
    63 | D        | Found Totudad's Antique Armour Shoppe.
    63 | D        | Found Lixkebes's Assorted Antiques.
    79 | D        | Noticed a merfolk siren
   100 | D        | Killed a merfolk siren
   101 | D        | Reached XP level 8. HP: 18/60 MP: 8/8
   107 | D        | Found a stormy altar of Qazlal.
   108 | D        | Found a hazy altar of Hepliaklqana.
   108 | D        | Found a sacrificial altar of Ru.
   108 | D        | Found an ornate altar of the Wu Jian Council.
   109 | D        | Found a viscous altar of Jiyva.
   109 | D        | Found a shimmering blue altar of Sif Muna.
   110 | D        | Found a snail-covered altar of Cheibriados.
   110 | D        | Found an ancient bone altar of Kikubaaqudgha.
   110 | D        | Found a shimmering altar of Xom.
   110 | D        | Found a bloodstained altar of Trog.
   111 | D        | Found a shadowy altar of Dithmenos.
   111 | D        | Found a corrupted altar of Lugonu.
   112 | D        | Found a white marble altar of Elyvilon.
   112 | D        | Found a burning altar of Makhleb.
   113 | D        | Found a blossoming altar of Fedhas.
   115 | D        | Found an opulent altar of Gozag.
   115 | D        | Found a glowing golden altar of the Shining One.
   115 | D        | Found a basalt altar of Yredelemnul.
   115 | D        | Found a hide-covered altar of Uskayaw.
   115 | D        | Found a sparkling altar of Nemelex Xobeh.
   116 | D        | Found a glowing silver altar of Zin.
   116 | D        | Found a radiant altar of Vehumet.
   116 | D        | Found an iron altar of Okawaru.
   119 | D        | Became a worshipper of Jiyva Jiunk the Shapeless
   125 | D        | Killed a slime creature
   127 | D        | Killed a slime creature
   128 | D        | Killed a slime creature
   131 | D        | Killed a wyvern
   132 | D        | Killed a wyvern
   137 | D        | Noticed a hornet
   137 | D        | Noticed a polar bear
   137 | D        | Noticed a polar bear
   138 | D        | Noticed a yaktaur
   138 | D        | Noticed a polar bear
   140 | D        | Killed a polar bear
   141 | D        | Killed a polar bear
   154 | D        | Found Gooha's Magic Scroll Emporium.
   155 | D        | Found Iwnomoiq's Distillery.
   155 | D        | Found Barig's Jewellery Emporium.
   155 | D        | Found Utaosys Pogg's General Store.
   155 | D        | Found Vuwawo's Distillery.
   155 | D        | Found Daklydy's Weapon Emporium.
   155 | D        | Found Ingif's Antique Armour Emporium.
   156 | D        | Found Doyro's Distillery.
   156 | D        | Found Pakkum's Jewellery Shoppe.
   156 | D        | Found Kiytt's Antique Weapon Emporium.
   158 | D        | Noticed a hell hog
   158 | D        | Noticed a hell hog
   158 | D        | Noticed an oklob plant
   159 | D        | Found Xaziovod's Book Shoppe.
   164 | D        | Reached * piety under Jiyva
   196 | D        | Noticed a wyvern
   196 | D        | Noticed a wyvern
   202 | D        | Noticed a wyvern
   206 | D        | Bought an ancient rapier for 189 gold pieces
   206 | D        | Identified the +9 rapier of Modesty {speed, rPois Will++
                  | Str-3} (You bought it in a shop in the Dungeon)
   227 | D        | Killed a polar bear
   239 | D        | Noticed a kobold demonologist
   242 | D        | Noticed a skeletal warrior
   247 | D        | Killed a polar bear
   248 | D        | Reached skill level 1 in Short Blades
   251 | D        | Noticed a rust devil
   253 | D        | Noticed Kirke
   257 | D        | Noticed a centaur warrior
   263 | D        | Noticed an elephant
   271 | D        | Noticed a yak
   275 | D        | Noticed a rust devil
   275 | D        | Noticed a yak
   276 | D        | Killed from afar by a white imp

Illustrated notes

Levels and vault maps discovered:
D:        the_violet_keep_of_menkaure [sprint2_stairs_cluster_1,
          sprint2_shoproom, sprint2_temple, sprint2_basic_supplies,
          sprint2_obstacle_6, sprint2_obstacle_5, sprint2_obstacle_7,
          sprint2_obstacle_1, sprint2_obstacle_2, sprint2_timed_cluster_1,
          sprint2_smallroom_cluster_1, sprint2_smallroom_final_cluster_1,
          sprint2_transparent_cluster_1, sprint2_second_timed_cluster_1,
          sprint2_sniper_area_1, sprint2_heavy_combat_area_1,
          sprint2_mutation_trap_area_1, sprint2_forest_area_1,
          sprint2_light_combat_area_1, sprint2_behind_water_1,
          sprint2_near_end_vault_1]

Skill      XL: |  1  2  3  4  5  6  7  8 |
---------------+-------------------------+-----
Fighting       | 7 9 10 11 12 | 12.2
Long Blades    | 4 5 6 8 9 |  9.2
Armour         | 7 9 10 12 | 12.6
Dodging        | 1 2 |  2.8
Short Blades   | 1 |  1.6
Shields        | |  3.2

Action                     |  1- 3 |  4- 6 |  7- 9 || total
---------------------------+-------+-------+-------++-------
  Melee: Long sword        |     5 |    16 |    36 ||    57
         Punch             |       |       |     2 ||     2
         Rapier            |       |       |    57 ||    57
    Use: Potion            |     1 |     1 |     1 ||     3
         Scroll            |       |       |     1 ||     1
 Armour: Scale mail        |     1 |     5 |    43 ||    49
  Dodge: Dodged            |       |     6 |    61 ||    67

Table legend: (Time is in decaauts)
 A = Elapsed time spent in this place.
 B = Non-inter-level travel time spent in this place.
 C = Inter-level travel time spent in this place.
 D = Time resting spent in this place.
 E = Time spent auto-exploring this place.
 F = Levels seen in this place.
 G = Mean time per level.
                   A        B        C        D        E       F      G
               +--------+--------+--------+--------+--------+-----+--------+
         Total |    276 |    276 |      0 |      4 |     41 |   1 |  276.0 |
       Dungeon |    276 |    276 |      0 |      4 |     41 |   1 |  276.0 |
               +--------+--------+--------+--------+--------+-----+--------+

Top non-repeatable levels by time:
       D: 276 daAuts
